 Dungeon Crawl Stone Soup version 0.23.2-1-ga50397a6bc (webtiles) character file.

Game seed: 4904608231783308361

115 Mrkan the Cudgeler (level 4, -1/41 HPs)
             Began as a Minotaur Berserker on May 26, 2019.
             Was a Believer of Trog.
             Killed from afar by Natasha (7 damage)
             ... with a magic dart
             ... on level 2 of the Dungeon on May 27, 2019.
             The game lasted 00:04:29 (1141 turns).

Mrkan the Cudgeler (Minotaur Berserker)             Turns: 1141, Time: 00:04:30

Health: -1/41      AC:  6    Str: 21    XL:     4   Next: 68%
Magic:  3/3        EV: 10    Int:  4    God:    Trog [**....]
Gold:   89         SH:  0    Dex: 11    Spells: 3/3 levels left

rFire    x . .     SeeInvis .   l - +0 morningstar
rCold    + . .     Gourm    .   (no shield)
rNeg     . . .     Faith    .   f - +0 scale mail
rPois    .         Spirit   .   (helmet restricted)
rElec    .         Reflect  .   (no cloak)
rCorr    .         Harm     .   (no gloves)
MR       .....                  (no boots)
Stlth    ..........             (no amulet)
HPRegen  0.13/turn              k - ring of ice
MPRegen  0.08/turn              (no ring)

@: slowed, very slow
A: retaliatory headbutt, horns 2
a: Berserk, Trog's Hand, Renounce Religion


You were on level 2 of the Dungeon.
You worshipped Trog.
Trog was pleased with you.
You were not hungry.

You visited 1 branch of the dungeon, and saw 2 of its levels.

You collected 89 gold pieces.

Inventory:

Hand Weapons
 a - a +0 mace
 l - a +0 morningstar (weapon)
Armour
 b - a +0 animal skin
 f - a +0 scale mail (worn)
Jewellery
 k - a ring of ice (left hand)
Wands
 n - a wand of iceblast (9)
Scrolls
 g - a scroll of magic mapping {unknown}
 h - 3 scrolls of identify {unknown}
 j - a scroll of immolation {unknown}
 m - 2 scrolls of teleportation {unknown}
 p - a scroll of enchant armour {unknown}
Potions
 d - a potion of brilliance {unknown}
 e - 2 potions of curing {unknown}
 o - a potion of mutation {unknown}
Comestibles
 c - 4 rations
 i - 6 chunks of flesh


   Skills:
 + Level 4.8 Fighting
 * Level 5.8 Maces & Flails
 - Level 2.4 Armour
 - Level 2.1 Dodging


You had 3 spell levels left.
You didn't know any spells.
Your spell library was empty.

Dungeon Overview and Level Annotations

Branches:
Dungeon (2/15)

Altars:
Qazlal

Annotations:
D:2 Natasha


Innate Abilities, Weirdness & Mutations

You reflexively headbutt those who attack you in melee.
You have a pair of horns on your head.


Message History

You puncture the frilled lizard!
You kill the frilled lizard!
Trog accepts your kill.
p - a scroll labeled MEHEQE YL NIL Natasha, Servant of Life and Death comes into view.
Natasha hisses angrily.
Natasha mumbles some strange words.
Natasha stares at you and mumbles some strange words.
You feel yourself slow down.
The shadow imp grinds its teeth.
The shadow imp gestures at you. Pain shoots through your body!
The shadow imp hits you but does no damage.
Natasha claws you.
* * * LOW HITPOINT WARNING * * *
The shadow imp hits you.
* * * LOW HITPOINT WARNING * * *
Natasha casts a spell at you. The magic dart hits you!
You die...

..###..#..# ...##.###.##
.###..#.#..### ##...##.##...####
...###...###....#####.##.#...
.÷.....⌠..)####.......##.#..#.#
...###...###....########...#..###
##...##.##...####....##....#.....
.###..#.#..###..@....##..........
...##.###.##...h5...###..........
#...#..#..##.......###...#.......
....##.#.#####....###....##......
.....#.#.# #...#.###.......>....
#....#.(.# #.#.#........##......
.....##.## #....................
......#.# ......###...#####.....
......#.# #.....##.....# #.....


You could see Natasha and a shadow imp.

Vanquished Creatures
  Natasha (twice) (D:2)
  Robin (D:2)
  An adder (D:2)
  A worm (D:2)
  A dart slug (D:1)
  2 leopard geckos (D:1)
  11 goblins
  6 hobgoblins
  5 bats
  6 frilled lizards
  4 kobolds
  3 rats (D:1)
43 creatures vanquished.

Vanquished Creatures (others)
  4 toadstools (D:1)
4 creatures vanquished.

Grand Total: 47 creatures vanquished

Notes
Turn   | Place    | Note
-------+----------+-------------------------------------------
     0 | D:1      | Mrkan the Minotaur Berserker began the quest for the Orb.
     0 | D:1      | Reached XP level 1. HP: 19/19 MP: 0/0
   159 | D:1      | Reached skill level 4 in Maces & Flails
   173 | D:1      | Reached XP level 2. HP: 25/27 MP: 1/1
   527 | D:1      | Reached ** piety under Trog
   700 | D:2      | Reached XP level 3. HP: 33/33 MP: 2/2
   844 | D:2      | Noticed Natasha
   850 | D:2      | Killed Natasha
   850 | D:2      | Reached skill level 5 in Maces & Flails
   896 | D:2      | Noticed Natasha
   904 | D:2      | Killed Natasha
   904 | D:2      | Reached XP level 4. HP: 30/41 MP: 3/3
   913 | D:2      | Found a stormy altar of Qazlal.
   938 | D:2      | Noticed Robin
   962 | D:2      | Killed Robin
  1133 | D:2      | Noticed Natasha
  1141 | D:2      | Killed from afar by Natasha

Skill      XL: |  1  2  3 |
---------------+----------+-----
Maces & Flails | 4 5 |  5.8
Fighting       | 4 |  4.8
Armour         | |  2.4
Dodging        | |  2.1

Action                   |  1- 3 |  4- 6 || total
-------------------------+-------+-------++-------
Melee: Mace              |    51 |       ||    51
       Headbutt          |     6 |     3 ||     9
       Morningstar       |    10 |    23 ||    33
Invok: Berserk           |       |     1 ||     1
  Eat: Chunk             |       |     2 ||     2
Armor: Animal skin       |    14 |       ||    14
       Scale mail        |     3 |     8 ||    11
Dodge: Dodged            |    39 |    18 ||    57
